 Dungeon Crawl Stone Soup version 0.23-a0-296-ga3b1b28 (webtiles) character file.

4999 Ijustatesigmund the Ducker (level 10, -3/65 HPs)
             Began as an Octopode Conjurer on Oct 5, 2018.
             Slain by a warg (17 damage)
             ... on level 9 of the Dungeon.
             The game lasted 00:30:58 (14317 turns).

Ijustatesigmund the Ducker (Octopode Conjurer)     Turns: 14317, Time: 00:31:00

Health: -3/65      AC:  1    Str:  7    XL:     10   Next: 54%
Magic:  7/13       EV: 23    Int: 19    God:
Gold:   387        SH:  3    Dex: 20    Spells: 4/13 levels left

rFire    . . .     SeeInvis +   f - +2 dagger (vamp)
rCold    . . .     Gourm    .   (no shield)
rNeg     . . .     Faith    .   (helmet restricted)
rPois    .         Spirit   .   q - +3 amulet of reflection
rElec    .         Reflect  +   i - ring of see invisible
rCorr    .         Harm     .   (no ring)
MR       .....                  (no ring)
Stlth    ++++++....             (no ring)
HPRegen  0.20/turn              (no ring)
MPRegen  0.13/turn              (no ring)
                                (no ring)
                                (no ring)

@: agile, drained
A: almost no armour, stealthy swim, amphibious, 8 rings, constrict 8, camouflage
1, gelatinous body 1
a: no special abilities


You were on level 9 of the Dungeon.
You were not hungry.

You visited 2 branches of the dungeon, and saw 10 of its levels.

You collected 387 gold pieces.

Inventory:

Hand Weapons
 c - a +0 dagger
 d - a +2 war axe
 f - a +2 vampiric dagger (weapon)
 j - a +1 dagger of electrocution
 n - a +1 whip of freezing
Missiles
 b - 4 curare-tipped needles
 h - 6 javelins (quivered)
Jewellery
 i - a ring of see invisible (left tentacle)
 q - a +3 amulet of reflection (around mantle)
Wands
 k - a wand of flame (37)
 r - a wand of random effects (11)
Scrolls
 g - a scroll of identify
 l - 3 scrolls of remove curse
 t - a scroll of magic mapping
Potions
 a - a potion of agility
 e - a potion of flight
 m - a potion of curing
 o - a potion of brilliance
 p - a potion of lignification


   Skills:
 + Level 4.8 Fighting
 + Level 5.9(5.8) Short Blades
 + Level 3.3 Throwing
 - Level 6.8 Dodging
 - Level 6.0 Stealth
 - Level 2.0(1.9) Spellcasting
 - Level 5.7(5.6) Conjurations
 - Level 6.4 Hexes
 - Level 4.9 Earth Magic
 - Level 3.5 Evocations


You had 4 spell levels left.
You knew the following spells:

 Your Spells              Type           Power        Failure   Level  Hunger
a - Magic Dart            Conj           ###.         1%          1    #......
b - Searing Ray           Conj           ###...       2%          2    ###....
c - Dazzling Spray        Conj/Hex       ###...       4%          3    ###....
d - Stone Arrow           Conj/Erth      ###...       6%          3    ###....

Your spell library contained the following spells:

 Spells                   Type           Power        Failure   Level  Hunger
 Sandblast                Erth           ###...       2%          1    #......
 Passwall                 Tmut/Erth      ##......     10%         2    ###....
 Summon Guardian Golem    Hex/Summ       ##......     14%         3    ###....
 Fulminant Prism          Conj/Hex       ###.......   14%         4    #####..
 Iskenderun's Mystic Bla  Conj           ###.....     16%         4    #####..
 Beastly Appendage        Tmut           #.....       17%         1    #......
 Summon Small Mammal      Summ           #...         17%         1    #......
 Call Imp                 Summ           #.......     26%         2    ###....
 Sticks to Snakes         Tmut           #.......     26%         2    ###....
 Call Canine Familiar     Summ           #.......     45%         3    ###....
 Spider Form              Tmut/Pois      #.........   45%         3    ###....
 Force Lance              Conj/Tloc      ##......     45%         4    #####..
 Petrify                  Tmut/Erth      ##......     52%         4    #####..
 Ice Form                 Ice/Tmut       #.......     86%         4    #####..
 Summon Ice Beast         Ice/Summ       #.......     86%         4    #####..
 Summon Lightning Spire   Summ/Air       #.......     86%         4    #####..
 Lee's Rapid Deconstruct  Erth           ###.......   52%         5    ######.
 Blade Hands              Tmut           #.........   99%         5    ######.


Dungeon Overview and Level Annotations

Branches:
Dungeon (9/15)             Temple (1/1) D:4            Lair (0/6) D:9
    Orc: D:9-12

Altars:
Ashenzari
Dithmenos
Fedhas
Gozag
Hepliaklqana
Kikubaaqudgha
Nemelex Xobeh
Okawaru
Qazlal
Ru
Sif Muna
Uskayaw
Vehumet
Wu Jian
Xom
Yredelemnul
Zin
The Shining One

Annotations:
D:2 Robin


Innate Abilities, Weirdness & Mutations

You cannot wear most types of armour.
You are very stealthy in the water. (Stealth+)
You are amphibious.
You can wear up to eight rings at the same time.
You can use your tentacles to constrict eight enemies at once.
Your skin changes colour to match your surroundings (Stealth+).
Your rubbery body absorbs attacks. (AC +1, EV +1)


Message History

Okay, then.
You feel agile all of a sudden. The warg bites you.
* * * LOW HITPOINT WARNING * * *
The hippogriff misses you. The hippogriff closely misses you.
The hippogriff claws you.
* * * LOW HITPOINT WARNING * * *
The orc wizard completely misses you. The warg completely misses you.
Casting: Dazzling Spray (safe; 4% risk of failure)
Confirm with . or Enter, or press ? or * to list all spells.
Aiming: Dazzling Spray (safe; 4% risk of failure)
Press: ? - help, Shift-Dir - straight line, f/p - orc wizard
Aim: an orc wizard, wielding a dagger and wearing an embroidered robe The spray of energy hits the warg.
The warg is heavily wounded.
The spray of energy hits the hippogriff.
The hippogriff is moderately wounded.
The hippogriff is dazzled.
The warg bites you!
You die... .......>....... #.............. #.....o.PP..# #..).oo...# #oooh.#

##o## ##H..##
#..h..#
######.@.##.#
............#
#######.#####
#.# #.#
#######.#
#########
#.......#
#........ ###
#.#####.#
#.#######
##.## #.# #.#
####.# #


You could see a hippogriff (blind), 2 wargs, an orc priest, 3 orc wizards and 2
orcs.

Vanquished Creatures
  A two-headed ogre (D:8)
  Pikel (D:3)
  A spriggan (D:8)
  A hungry ghost (D:7)
  A black bear (D:5)
  2 sky beasts
  A slave (D:4)
  4 ice beasts
  A necrophage (D:7)
  4 ogres
  An eye of draining (D:8)
  2 centaurs
  4 phantoms
  4 bullfrogs
  A big kobold (D:7)
  A wyvern skeleton (D:6)
  3 scorpions
  8 killer bees (D:7)
  3 wights (D:8)
  7 crimson imps
  A bullfrog zombie (D:6)
  2 hounds
  2 orc priests (D:3)
  A jelly (D:4)
  A centaur skeleton (D:6)
  A bullfrog skeleton (D:8)
  Terence (D:2)
  6 worker ants
  Natasha (thrice) (D:4)
  2 iguanas
  A hound zombie (D:5)
  2 hound skeletons
  A worker ant zombie (D:6)
  5 adders
  A shadow imp (D:5)
  2 oozes
  An adder skeleton (D:6)
  A worm (D:3)
  A dart slug (D:3)
  4 leopard geckos
  17 orcs
  6 bats
  5 giant cockroaches
  15 goblins
  2 hobgoblins
  4 jackals (D:3)
  11 kobolds
  3 quokkas
  A ball python (D:2)
  4 frilled lizards
  2 leopard gecko skeletons
  A quokka zombie (D:6)
  10 rats
171 creatures vanquished.

Notes
Turn   | Place    | Note
-------+----------+-------------------------------------------
     0 | D:1      | Ijustatesigmund the Octopode Conjurer began the quest for
                  | the Orb.
     0 | D:1      | Reached XP level 1. HP: 11/11 MP: 3/3
   246 | D:1      | Reached XP level 2. HP: 17/17 MP: 1/5
  1176 | D:1      | Reached XP level 3. HP: 21/21 MP: 4/6
  1180 | D:1      | Learned a level 2 spell: Searing Ray
  1184 | D:1      | Learned a level 3 spell: Dazzling Spray
  1283 | D:1      | Reached skill level 1 in Short Blades
  1535 | D:2      | Found an ancient bone altar of Kikubaaqudgha.
  1580 | D:2      | Noticed Terence
  1607 | D:2      | Killed Terence
  1607 | D:2      | Reached skill level 5 in Conjurations
  1607 | D:2      | Reached XP level 4. HP: 16/27 MP: 1/7
  1959 | D:2      | Noticed Robin
  1971 | D:2      | HP: 1/27 [goblin/stone[Robin] (6)]
  1983 | D:3      | Found a shadowy altar of Dithmenos.
  2521 | D:3      | Found a hide-covered altar of Uskayaw.
  2894 | D:3      | Noticed a hand axe
  2906 | D:3      | Noticed a dagger
  3049 | D:3      | Reached XP level 5. HP: 16/31 MP: 2/8
  3609 | D:3      | Found a shadowy altar of Dithmenos.
  3645 | D:3      | Found an opulent altar of Gozag.
  3884 | D:4      | Noticed Natasha
  3887 | D:4      | Killed Natasha
  3940 | D:4      | Reached skill level 1 in Hexes
  3940 | D:4      | Reached XP level 6. HP: 26/36 MP: 2/9
  4577 | D:4      | Found a shattered altar of Ashenzari.
  4708 | D:4      | Noticed Pikel
  4708 | D:4      | Noticed a slave
  4708 | D:4      | Noticed a slave
  4721 | D:4      | Killed a slave
  4748 | D:4      | Noticed Natasha
  4983 | D:4      | Killed Natasha
  4983 | D:4      | Reached XP level 7. HP: 35/41 MP: 2/10
  5155 | D:3      | Killed Pikel
  5155 | D:3      | Reached skill level 5 in Dodging
  5155 | D:3      | Reached skill level 5 in Hexes
  5155 | D:3      | Reached XP level 8. HP: 16/46 MP: 2/11
  5474 | D:4      | Found a staircase to the Ecumenical Temple.
  5500 | D:4      | Noticed Natasha
  5511 | D:4      | Killed Natasha
  6001 | D:5      | Entered Level 5 of the Dungeon
  7033 | Temple   | Entered the Ecumenical Temple
  7928 | D:5      | Reached skill level 1 in Fighting
  7928 | D:5      | Reached skill level 1 in Evocations
  8022 | D:5      | Reached XP level 9. HP: 27/54 MP: 2/12
  9926 | D:6      | Found a deep blue altar of Sif Muna.
  9971 | D:6      | Found a shimmering altar of Xom.
  9993 | D:6      | Learned a level 3 spell: Stone Arrow
 10009 | D:6      | Found a basalt altar of Yredelemnul.
 10288 | D:7      | Reached skill level 1 in Earth Magic
 11032 | D:7      | Reached skill level 5 in Stealth
 11566 | D:8      | Reached XP level 10. HP: 36/63 MP: 9/13
 11891 | D:8      | Noticed a two-headed ogre
 12340 | D:8      | Reached skill level 1 in Throwing
 12524 | D:8      | Found an iron altar of Okawaru.
 12693 | D:8      | Reached skill level 5 in Short Blades
 13058 | D:8      | Killed a two-headed ogre
 14305 | D:9      | Found a staircase to the Lair.
 14317 | D:9      | Slain by a warg

Vault maps used:
D:1:      lemuel_arrival_tunnels, minmay_statues_item, serial_bayou_pond_d
D:2:      old_standard_altar, cheibriados_altar_1, minitemple, uniq_robin,
          uniq_terence
D:3:      grunt_gozag_breadcrumbs, nicolae_overflow_crystal_walls,
          dancing_weapons_uskayaw, nicolae_dithmenos_through_a_glass_darkly
D:4:      ashenzari_altar_1, temple_fountains, first_ration,
          kennysheep_generic_room_13, uniq_natasha, uniq_pikel
D:6:      lemuel_crystal_altar, kennysheep_mini, kennysheep_mini_moat
D:8:      old_standard_altar, serial_glass, glass_columns_b, glass_columns_a,
          glass_columns_b, glass_columns_b, grunt_pizzeria
D:9:      old_standard_altar, erik_lair_orcish_takeover
Temple:   nicolae_temple_figure_zero

Skill      XL: |  1  2  3  4  5  6  7  8  9 10 |
---------------+-------------------------------+-----
Short Blades   | 1 2 3 4 5 |  5.9
Conjurations   | 5 |  5.7
Hexes          | 1 3 5 6 |  6.4
Dodging        | 3 5 6 |  6.8
Fighting       | 1 3 4 |  4.8
Evocations     | 1 3 |  3.5
Earth Magic    | 4 |  4.9
Stealth        | 5 6 |  6.0
Throwing       | 3 |  3.3
Spellcasting   | |  2.0

Action                   |  1- 3 |  4- 6 |  7- 9 | 10-12 || total
-------------------------+-------+-------+-------+-------++-------
Melee: Dagger            |    10 |   117 |   378 |    85 ||   590
       Constrict         |     3 |    23 |    45 |     8 ||    79
       Tentacles         |     1 |    21 |    60 |    22 ||   104
       War axe           |       |       |       |    13 ||    13
Throw: Javelin           |       |       |     3 |     7 ||    10
 Cast: Magic Dart        |    40 |    16 |    59 |    27 ||   142
       Searing Ray       |     1 |     3 |     4 |       ||     8
       Dazzling Spray    |       |     8 |    22 |    11 ||    41
       Stone Arrow       |       |       |       |    11 ||    11
Evoke: Wand              |       |     8 |     9 |     4 ||    21
  Use: Scroll            |     5 |     1 |     7 |     4 ||    17
       Potion            |     1 |     3 |     5 |     1 ||    10
 Stab: Sleeping          |     3 |     7 |     9 |     3 ||    22
       Distracted        |       |     2 |       |     1 ||     3
       Invisible         |       |       |     5 |     1 ||     6
  Eat: Ration            |     2 |     1 |     4 |     3 ||    10
       Chunk             |       |     8 |    12 |     7 ||    27
Armor: Skin              |       |     7 |    12 |     2 ||    21
Dodge: Dodged            |     3 |    70 |   277 |    63 ||   413
Block: Other             |       |       |    18 |     6 ||    24
       Reflection        |       |       |     3 |       ||     3

Table legend:
 A = Non-vault XP
 B = Vault XP
 C = Vault XP percentage of total XP
 D = Non-vault monster count
 E = Vault monster count
 F = Vault count percentage of total count
                 A         B        C        D         E       F
            +---------+---------+-------+---------+---------+-------
      Total |    6145 |     997 |  14.0 |     155 |      15 |   8.8
            +---------+---------+-------+---------+---------+-------
        D:1 |      39 |       0 |   0.0 |      19 |       0 |   0.0
        D:2 |      13 |      55 |  80.9 |       9 |      11 |  55.0
        D:3 |     153 |     651 |  81.0 |      28 |       1 |   3.4
        D:4 |     541 |      67 |  11.0 |      13 |       2 |  13.3
        D:5 |    1199 |       0 |   0.0 |      22 |       0 |   0.0
        D:6 |     608 |       0 |   0.0 |      13 |       0 |   0.0
        D:7 |    1251 |       0 |   0.0 |      28 |       0 |   0.0
        D:8 |    2179 |     224 |   9.3 |      18 |       1 |   5.3
        D:9 |     162 |       0 |   0.0 |       5 |       0 |   0.0
            +---------+---------+-------+---------+---------+-------
